| TOP OF THE 1ST |
|
University of South Carolina Gamecocks batting - Pitching for University of North Carolina at Chapel Hill Tar Heels : LHP Gary Tuckfard
|
|
Pitching: LHP Gary Tuckfard
|
|
|
Batting: LHB Chris McNay
|
0-0: Ball 1-0: Called Strike 1-1: Called Strike 1-2: Ground out 5-3 (Groundball, 5, EV 87.5 MPH)
|
|
Batting: RHB Brian Passalacqua
|
0-0: Ball 1-0: Foul Ball, location: 2F 1-1: Ground out 6-3 (Groundball, 6, EV 107.5 MPH)
|
|
Batting: SHB Keith Mihas
|
0-0: Ball 1-0: Called Strike 1-1: Fly out, F7 (Flyball, 7LM, EV 83.8 MPH)
|
| Top of the 1st over - 0 runs, 0 hits, 0 errors, 0 left on base; University of South Carolina 0 - University of North Carolina at Chapel Hill 0 |
| BOTTOM OF THE 1ST |
|
University of North Carolina at Chapel Hill Tar Heels batting - Pitching for University of South Carolina Gamecocks : RHP Jabari Gatewood
|
|
Pitching: RHP Jabari Gatewood
|
|
|
Batting: LHB Juan Alvarado
|
0-0: Called Strike 0-1: Ball 1-1: SINGLE (Groundball, 34D, EV 93.8 MPH)
|
|
Batting: LHB Chris Robertson
|
0-0: Fly out, F8 (Flyball, 78M, EV 82.5 MPH)
|
|
Batting: RHB Michael Houseman
|
0-0: Called Strike 0-1: Foul Ball, location: 2F 0-2: Grounds into double play, 5-4-3 (Groundball, 5L, EV 100.0 MPH)
|
| Bottom of the 1st over - 0 runs, 1 hit, 0 errors, 0 left on base; University of South Carolina 0 - University of North Carolina at Chapel Hill 0 |
| TOP OF THE 2ND |
|
University of South Carolina Gamecocks batting - Pitching for University of North Carolina at Chapel Hill Tar Heels : LHP Gary Tuckfard
|
|
Batting: RHB Justin Kurutz
|
0-0: Ball 1-0: Called Strike 1-1: Ball 2-1: Fly out, F9 (Flyball, 89M, EV 80.0 MPH)
|
|
Batting: RHB Lance Neldon
|
0-0: Fly out, F8 (Flyball, 8RM, EV 85.6 MPH)
|
|
Batting: LHB Bert Webster
|
0-0: Ball 1-0: Called Strike 1-1: Ground out 3-1 (Groundball, 34S, EV 87.5 MPH)
|
| Top of the 2nd over - 0 runs, 0 hits, 0 errors, 0 left on base; University of South Carolina 0 - University of North Carolina at Chapel Hill 0 |
| BOTTOM OF THE 2ND |
|
University of North Carolina at Chapel Hill Tar Heels batting - Pitching for University of South Carolina Gamecocks : RHP Jabari Gatewood
|
|
Batting: RHB Mike Machalek
|
0-0: Ball 1-0: Called Strike 1-1: Ball 2-1: DOUBLE (Groundball, 5L, EV 107.5 MPH)
|
|
Batting: LHB Roberto Lopez
|
0-0: Foul Ball, location: 2F 0-1: Ball 1-1: Fly out, F8 (Flyball, 8LD, EV 100.6 MPH) Runner from 2nd tags up, SAFE at 3rd with throw by CF
|
|
Batting: SHB Jim Saxon
|
0-0: Ball 1-0: Fly out, F8 (Flyball, 8LM, EV 86.2 MPH) Runner from 3rd tags up, SCORES, throw by CF
|
|
Batting: RHB Tony Jennings
|
0-0: SINGLE (Groundball, 6MD, EV 102.5 MPH)
|
|
Batting: RHB Steve Breshears
|
0-0: Fielders Choice at 2nd, 5-4 (Groundball, 56, EV 85.0 MPH)
|
| Bottom of the 2nd over - 1 run, 2 hits, 0 errors, 1 left on base; University of South Carolina 0 - University of North Carolina at Chapel Hill 1 |
| TOP OF THE 3RD |
|
University of South Carolina Gamecocks batting - Pitching for University of North Carolina at Chapel Hill Tar Heels : LHP Gary Tuckfard
|
|
Batting: RHB Phil Hanley
|
0-0: Swinging Strike 0-1: Ball 1-1: Fly out, F6 (Popup, 56D, EV 56.2 MPH)
|
|
Batting: LHB Corey Lomas
|
0-0: Called Strike 0-1: Foul Ball, location: 2F 0-2: Ball 1-2: Strikes out swinging
|
|
Batting: RHB Ben Turner
|
0-0: Ball 1-0: Foul Ball, location: 2F 1-1: Ground out 6-3 (Groundball, 6, EV 86.2 MPH)
|
| Top of the 3rd over - 0 runs, 0 hits, 0 errors, 0 left on base; University of South Carolina 0 - University of North Carolina at Chapel Hill 1 |
| BOTTOM OF THE 3RD |
|
University of North Carolina at Chapel Hill Tar Heels batting - Pitching for University of South Carolina Gamecocks : RHP Jabari Gatewood
|
|
Batting: RHB Brandon Wilson
|
0-0: Ball 1-0: Ball 2-0: Foul Ball, location: 2F 2-1: Ground out 4-3 (Groundball, 4, EV 109.4 MPH)
|
|
Batting: LHB Juan Alvarado
|
0-0: Ball 1-0: Called Strike 1-1: Foul Ball, location: 2F 1-2: Ball 2-2: Foul Ball, location: 2F 2-2: Strikes out looking
|
|
Batting: LHB Chris Robertson
|
0-0: Swinging Strike 0-1: Ball 1-1: Foul Ball, location: 2F 1-2: Ball 2-2: Fly out, F9 (Flyball, 89S, EV 87.5 MPH)
|
| Bottom of the 3rd over - 0 runs, 0 hits, 0 errors, 0 left on base; University of South Carolina 0 - University of North Carolina at Chapel Hill 1 |
| TOP OF THE 4TH |
|
University of South Carolina Gamecocks batting - Pitching for University of North Carolina at Chapel Hill Tar Heels : LHP Gary Tuckfard
|
|
Batting: LHB Chris McNay
|
0-0: Foul Ball, location: 2F 0-1: Ball 1-1: Foul Ball, location: 2F 1-2: SINGLE (Groundball, 6MS, EV 73.1 MPH) (infield hit)
|
|
Batting: RHB Brian Passalacqua
|
0-0: Swinging Strike 0-1: Ball 1-1: Called Strike 1-2: Strikes out looking and he ARGUES THE CALL AND IS TOSSED!
|
|
Batting: SHB Keith Mihas
|
0-0: Ball 1-0: Called Strike 1-1: Foul Ball, location: 2F 1-2: Strikes out looking
|
|
Batting: RHB Justin Kurutz
|
0-0: Called Strike Chris McNay steals 2nd base 0-1: Ball 1-1: Called Strike 1-2: Fly out, F4 (Popup, 4M, EV 62.5 MPH)
|
| Top of the 4th over - 0 runs, 1 hit, 0 errors, 1 left on base; University of South Carolina 0 - University of North Carolina at Chapel Hill 1 |
| BOTTOM OF THE 4TH |
|
University of North Carolina at Chapel Hill Tar Heels batting - Pitching for University of South Carolina Gamecocks : RHP Jabari Gatewood
|
|
Now at 3B: Steve Gibson
|
|
|
Batting: RHB Michael Houseman
|
0-0: Ball 1-0: Called Strike 1-1: Ball 2-1: Ball 3-1: Foul Ball, location: 2F 3-2: Base on Balls
|
|
Batting: RHB Mike Machalek
|
0-0: Foul Ball, location: 2F 0-1: DOUBLE (Flyball, 78D, EV 101.2 MPH) Michael Houseman to third
|
|
Batting: LHB Roberto Lopez
|
0-0: Foul Ball, location: 2F 0-1: Called Strike 0-2: Ball 1-2: Strikes out swinging
|
|
Batting: SHB Jim Saxon
|
0-0: Ground out 3-1 (Groundball, 34S, EV 94.4 MPH) Michael Houseman scores Mike Machalek to third
|
|
Batting: RHB Tony Jennings
|
0-0: SINGLE (Groundball, 34D, EV 106.2 MPH) Mike Machalek scores
|
|
Batting: RHB Steve Breshears
|
0-0: Called Strike 0-1: Fielders Choice at 2nd, 6-4 (Groundball, 6, EV 75.6 MPH)
|
| Bottom of the 4th over - 2 runs, 2 hits, 0 errors, 1 left on base; University of South Carolina 0 - University of North Carolina at Chapel Hill 3 |
| TOP OF THE 5TH |
|
University of South Carolina Gamecocks batting - Pitching for University of North Carolina at Chapel Hill Tar Heels : LHP Gary Tuckfard
|
|
Batting: RHB Lance Neldon
|
0-0: Ball 1-0: Fly out, F8 (Line Drive, 89D, EV 94.4 MPH)
|
|
Batting: LHB Bert Webster
|
0-0: Ball 1-0: Foul Ball, location: 2F 1-1: Foul Ball, location: 2F 1-2: Ball 2-2: Strikes out looking
|
|
Batting: RHB Phil Hanley
|
0-0: Ball 1-0: Ball 2-0: SINGLE (Line Drive, 34D, EV 98.1 MPH)
|
|
Batting: LHB Corey Lomas
|
0-0: Ball 1-0: Ball 2-0: Ball 3-0: Called Strike 3-1: Called Strike 3-2: Strikes out swinging
|
| Top of the 5th over - 0 runs, 1 hit, 0 errors, 1 left on base; University of South Carolina 0 - University of North Carolina at Chapel Hill 3 |
| BOTTOM OF THE 5TH |
|
University of North Carolina at Chapel Hill Tar Heels batting - Pitching for University of South Carolina Gamecocks : RHP Jabari Gatewood
|
|
Batting: RHB Brandon Wilson
|
0-0: Ball 1-0: Called Strike 1-1: Swinging Strike 1-2: Ball 2-2: Ground out 5-3 (Groundball, 56, EV 86.9 MPH)
|
|
Batting: LHB Juan Alvarado
|
0-0: Ball 1-0: SINGLE (Groundball, 34D, EV 106.2 MPH)
|
|
Batting: LHB Chris Robertson
|
0-0: Called Strike 0-1: Ball 1-1: SINGLE (Line Drive, 89S, EV 99.4 MPH) Juan Alvarado to second
|
|
Batting: RHB Michael Houseman
|
0-0: Ball 1-0: Called Strike 1-1: Ball 2-1: Ball 3-1: Base on Balls Juan Alvarado to third Chris Robertson to second
|
|
Batting: RHB Mike Machalek
|
0-0: Called Strike 0-1: Fly out, F4 (Popup, 34, EV 72.5 MPH)
|
|
Batting: LHB Roberto Lopez
|
0-0: Ball 1-0: Called Strike 1-1: SINGLE (Line Drive, 4D, EV 98.8 MPH) Juan Alvarado scores Chris Robertson to third Michael Houseman to second Runner from 3rd tries for Home, SAFE, throw by CF to home
|
|
Batting: SHB Jim Saxon
|
0-0: Called Strike 0-1: Swinging Strike 0-2: Ball 1-2: Ball 2-2: Strikes out swinging
|
| Bottom of the 5th over - 2 runs, 3 hits, 0 errors, 2 left on base; University of South Carolina 0 - University of North Carolina at Chapel Hill 5 |
| TOP OF THE 6TH |
|
University of South Carolina Gamecocks batting - Pitching for University of North Carolina at Chapel Hill Tar Heels : LHP Gary Tuckfard
|
|
Batting: RHB Ben Turner
|
0-0: Called Strike 0-1: Foul Ball, location: 2F 0-2: Ball 1-2: SINGLE (Line Drive, 78S, EV 105.0 MPH)
|
|
Batting: LHB Chris McNay
|
0-0: Called Strike 0-1: Ball 1-1: Foul Ball, location: 2F 1-2: Ball 2-2: Strikes out swinging
|
|
Batting: RHB Steve Gibson
|
0-0: Swinging Strike 0-1: Ball 1-1: Foul Ball, location: 2F 1-2: Grounds into double play, 5-4-3 (Groundball, 5, EV 84.4 MPH)
|
| Top of the 6th over - 0 runs, 1 hit, 0 errors, 0 left on base; University of South Carolina 0 - University of North Carolina at Chapel Hill 5 |
| BOTTOM OF THE 6TH |
|
University of North Carolina at Chapel Hill Tar Heels batting - Pitching for University of South Carolina Gamecocks : RHP Jabari Gatewood
|
|
Batting: RHB Tony Jennings
|
0-0: Called Strike 0-1: Fly out, F8 (Flyball, 89M, EV 96.2 MPH)
|
|
Batting: RHB Steve Breshears
|
0-0: Ball 1-0: Ball 2-0: Fly out, F9 (Flyball, 9LSF, EV 88.8 MPH)
|
|
Batting: RHB Brandon Wilson
|
0-0: Foul Ball, location: 2F 0-1: Ball 1-1: Foul Ball, location: 2F 1-2: Ball 2-2: Ball 3-2: Ground out 6-3 (Groundball, 6, EV 103.1 MPH)
|
| Bottom of the 6th over - 0 runs, 0 hits, 0 errors, 0 left on base; University of South Carolina 0 - University of North Carolina at Chapel Hill 5 |
| TOP OF THE 7TH |
|
University of South Carolina Gamecocks batting - Pitching for University of North Carolina at Chapel Hill Tar Heels : LHP Gary Tuckfard
|
|
Batting: SHB Keith Mihas
|
0-0: Called Strike 0-1: Ball 1-1: Ball 2-1: Foul Ball, location: 2F 2-2: Strikes out looking
|
|
Batting: RHB Justin Kurutz
|
0-0: Called Strike 0-1: Ball 1-1: Called Strike 1-2: Strikes out swinging
|
|
Batting: RHB Lance Neldon
|
0-0: Ball 1-0: Ball 2-0: Foul Ball, location: 2F 2-1: Ball 3-1: Called Strike 3-2: SOLO HOME RUN (Flyball, 7D, EV 98.1 MPH), Distance : 371 ft
|
|
Batting: LHB Bert Webster
|
0-0: Ball 1-0: Called Strike 1-1: Ball 2-1: Foul Ball, location: 2F 2-2: Strikes out swinging
|
| Top of the 7th over - 1 run, 1 hit, 0 errors, 0 left on base; University of South Carolina 1 - University of North Carolina at Chapel Hill 5 |
| BOTTOM OF THE 7TH |
|
University of North Carolina at Chapel Hill Tar Heels batting - Pitching for University of South Carolina Gamecocks : RHP Jabari Gatewood
|
|
Pitching: RHP Jop van Grootveld
|
|
|
Batting: LHB Juan Alvarado
|
0-0: Ball 1-0: Foul Ball, location: 2F 1-1: Fly out, F7 (Line Drive, 7S, EV 93.1 MPH)
|
|
Batting: LHB Chris Robertson
|
0-0: Swinging Strike 0-1: Swinging Strike 0-2: Ball 1-2: DOUBLE (Line Drive, 89D, EV 109.4 MPH)
|
|
Batting: RHB Michael Houseman
|
0-0: Called Strike 0-1: Foul Ball, location: 2F 0-2: Strikes out swinging
|
|
Batting: RHB Mike Machalek
|
0-0: Ball 1-0: Called Strike 1-1: Ball 2-1: Ball 3-1: Base on Balls
|
|
Batting: LHB Roberto Lopez
|
0-0: Foul Ball, location: 2F 0-1: Ball 1-1: Called Strike 1-2: Ball 2-2: Strikes out looking
|
| Bottom of the 7th over - 0 runs, 1 hit, 0 errors, 2 left on base; University of South Carolina 1 - University of North Carolina at Chapel Hill 5 |
| TOP OF THE 8TH |
|
University of South Carolina Gamecocks batting - Pitching for University of North Carolina at Chapel Hill Tar Heels : LHP Gary Tuckfard
|
|
Pitching: RHP Berry Dow
|
|
|
Batting: RHB Phil Hanley
|
0-0: Ball 1-0: Fly out, F8 (Flyball, 8RM, EV 96.9 MPH)
|
|
Batting: LHB Corey Lomas
|
0-0: Fly out, F8 (Flyball, 8LXD, EV 98.1 MPH)
|
|
Batting: RHB Ben Turner
|
0-0: Swinging Strike 0-1: Ball 1-1: Foul Ball, location: 2F 1-2: Ball 2-2: Ball 3-2: Foul Ball, location: 2F 3-2: Foul Ball, location: 2F 3-2: SINGLE (Flyball, 3D, EV 93.8 MPH)
|
|
Batting: LHB Chris McNay
|
0-0: Called Strike 0-1: Ball 1-1: Ball 2-1: Ground out U3 (Groundball, 3L, EV 101.9 MPH)
|
| Top of the 8th over - 0 runs, 1 hit, 0 errors, 1 left on base; University of South Carolina 1 - University of North Carolina at Chapel Hill 5 |
| BOTTOM OF THE 8TH |
|
University of North Carolina at Chapel Hill Tar Heels batting - Pitching for University of South Carolina Gamecocks : RHP Jop van Grootveld
|
|
Pitching: RHP Trent Lipinski
|
|
|
Batting: SHB Jim Saxon
|
0-0: Foul Ball, location: 2F 0-1: Swinging Strike 0-2: Strikes out swinging
|
|
Batting: RHB Tony Jennings
|
0-0: Ball 1-0: Ball 2-0: Ball 3-0: Base on Balls
|
|
Batting: RHB Steve Breshears
|
0-0: Ball Wild Pitch! Tony Jennings to second 1-0: Ball 2-0: Called Strike 2-1: Fly out, F4 (Popup, 34, EV 80.6 MPH)
|
|
Batting: RHB Brandon Wilson
|
0-0: Foul Ball, location: 2F 0-1: Foul Ball, location: 2F 0-2: Strikes out looking
|
| Bottom of the 8th over - 0 runs, 0 hits, 0 errors, 1 left on base; University of South Carolina 1 - University of North Carolina at Chapel Hill 5 |
| TOP OF THE 9TH |
|
University of South Carolina Gamecocks batting - Pitching for University of North Carolina at Chapel Hill Tar Heels : RHP Berry Dow
|
|
Pitching: RHP Herb Bickford
|
|
|
Batting: RHB Steve Gibson
|
0-0: Called Strike 0-1: SINGLE (Groundball, P, EV 87.5 MPH) (infield hit)
|
|
Batting: SHB Keith Mihas
|
0-0: Called Strike 0-1: Foul Ball, location: 2F 0-2: Fly out, F7 (Flyball, 7D, EV 98.1 MPH)
|
|
Batting: RHB Justin Kurutz
|
0-0: Ball 1-0: Grounds into double play, 6-4-3 (Groundball, 6, EV 90.0 MPH)
|
| Top of the 9th over - 0 runs, 1 hit, 0 errors, 0 left on base; University of South Carolina 1 - University of North Carolina at Chapel Hill 5 |
|